 Dungeon Crawl Stone Soup version 0.30-a0-1161-g0704695555 (webtiles) character file.

Game seed: 7391076037902512515

40 retardedninja the Firebug (level 3, -1/25 HPs)
             Began as a Gnoll Fire Elementalist on Apr 27, 2023.
             Slain by an adder (3 damage)
             ... on level 2 of the Dungeon.
             The game lasted 00:02:01 (1775 turns).

retardedninja the Firebug (Gnoll Fire Elementalist) Turns: 1775, Time: 00:02:02

Health: -1/25      AC:  2    Str:  7    XL:     3   Next: 50%
Magic:  8/9        EV: 13    Int: 16    God:
Gold:   128        SH:  0    Dex: 12    Spells: 11/12 levels left

rFire   . . .        f - +2 short sword (vamp)
rCold   . . .        (no shield)
rNeg    . . .        o - +0 robe
rPois   .            (no helmet)
rElec   .            (no cloak)
rCorr   .            (no gloves)
SInv    .            (no boots)
Will    .....        (no amulet)
Stlth   ++           (no ring)
HPRegen 0.24/turn    (no ring)
MPRegen 0.11/turn

%: no passive effects
@: no status effects
A: fangs 1, strong nose, distributed training
a: no special abilities


You were on level 2 of the Dungeon.
You visited 1 branch of the dungeon, and saw 2 of its levels.

You collected 128 gold pieces.

Inventory:

Hand Weapons
 f - a +2 vampiric short sword (weapon)
Armour
 o - a +0 robe (worn)
Jewellery
 h - an amulet of faith
Scrolls
 e - 3 scrolls of teleportation {unknown}
 g - a scroll of immolation {unknown}
 j - a scroll of vulnerability {unknown}
 l - a scroll of enchant weapon {unknown}
 m - 3 scrolls of identify {unknown}
Potions
 b - a potion of magic
 c - a potion of curing
 d - a potion of invisibility {unknown}
 i - a potion of heal wounds {unknown}
 k - a potion of flight {unknown}
 n - a potion of attraction {unknown}


   Skills:
 + Level 0.9 Fighting
 + Level 0.9 Short Blades
 + Level 0.9 Long Blades
 + Level 0.9 Axes
 + Level 0.9 Maces & Flails
 + Level 0.9 Polearms
 + Level 0.9 Staves
 + Level 0.9 Ranged Weapons
 + Level 0.9 Throwing
 + Level 0.9 Armour
 + Level 4.5 Dodging
 + Level 4.2 Stealth
 + Level 0.9 Shields
 + Level 0.9 Unarmed Combat
 + Level 5.0 Spellcasting
 + Level 2.1 Conjurations
 + Level 0.6 Hexes
 + Level 0.6 Summonings
 + Level 0.6 Necromancy
 + Level 0.6 Translocations
 + Level 0.6 Transmutations
 + Level 5.4 Fire Magic
 + Level 0.6 Ice Magic
 + Level 0.6 Air Magic
 + Level 0.6 Earth Magic
 + Level 0.6 Poison Magic
 + Level 1.0 Invocations
 + Level 0.9 Evocations


You had 11 spell levels left.
You knew the following spells:

 Your Spells              Type           Power      Damage    Failure   Level
a - Foxfire               Conj/Fire      64%        2x1d7     3%          1

Your spell library contained the following spells:

 Spells                   Type           Power      Damage    Failure   Level
 Scorch                   Fire           42%        2d7       2%          2
 Inner Flame              Hex/Fire       13%        N/A       13%         3
 Volatile Blastmotes      Fire/Tloc      26%        2d12      13%         3
 Flame Wave               Conj/Fire      16%        2d7       32%         4


Dungeon Overview and Level Annotations

Branches:
Dungeon (2/15)

Altars:

Annotations:
D:2 Natasha


Innate Abilities, Weirdness & Mutations

You have very sharp teeth.
Your uncanny sense of smell can sniff out nearby items.
Your experience applies equally to all skills.


Message History

Natasha enters a dispersal trap!
The cerulean imp blinks!
The hobgoblin blinks!
You blink.
Natasha blinks!
The hobgoblin barely misses you.
You hit the hobgoblin.
You feel better.
The hobgoblin is lightly wounded.
The hobgoblin barely misses you. The hobgoblin attacks as you move away!
The hobgoblin hits you.
A goblin comes into view. It is wielding a +0 dagger.
The goblin unwields a +0 dagger.
The goblin wields a +0 sling.
The goblin shoots a sling bullet.
The sling bullet closely misses you.
The sling bullet barely misses the hobgoblin.
The hobgoblin closely misses you.
A kobold, a ball python, a dart slug and an adder come into view.
The adder moves out of view.
An adder comes into view.
Found a stone staircase leading down.
The adder hisses angrily.
The kobold shouts!
The adder moves out of view.
The ball python hisses angrily.
The hobgoblin attacks as you move away! The hobgoblin hits you.
The adder bites you. The adder attacks as you move away!
The adder barely misses you.
Found 14 gold pieces.
Natasha mumbles some strange words.
Natasha casts a spell.
The adder closely misses you. The adder bites you.
* * * LOW HITPOINT WARNING * * *
A rat comes into view.
The rat moves out of view.
A worm comes into view.
The dart slug launches a dart at you. The slug dart misses you.
You see here 14 gold pieces.
The ball python hisses angrily.
The goblin shoots a sling bullet.
The sling bullet hits you.
* * * LOW HITPOINT WARNING * * *
The adder attacks as you move away! The adder bites you.
* * * LOW HITPOINT WARNING * * *
The goblin shoots a sling bullet.
The sling bullet barely misses you. The adder bites you.
You die...

#.#.#.#####........
#...........###.### .#
^.#.#.#####.#.....#..#
#§....# #.#..w..#..
.§.§### #....w....
##### #.#S..r.#
#.#Sg...# #
#5###.###..#
#.Kg$S@....#
########...# ###


You could see a worm, a cerulean imp (summoned), 2 adders, a dart slug, a
hobgoblin, a goblin, a ball python and a kobold.

Vanquished Creatures
  An adder (D:2)
  5 bats (D:1)
  2 endoplasms (D:1)
  3 giant cockroaches
  A hobgoblin (D:1)
  2 jackals (D:2)
  3 ball pythons (D:2)
  3 frilled lizards
  2 goblins
  5 kobolds
  6 rats
  A butterfly (D:1)
34 creatures vanquished.

Vanquished Creatures (others)
  149 foxfires
149 creatures vanquished.

Grand Total: 183 creatures vanquished

Notes
Turn   | Place    | Note
-------+----------+-------------------------------------------
     0 | D:1      | retardedninja the Gnoll Fire Elementalist began the quest
                  | for the Orb.
     0 | D:1      | Reached XP level 1. HP: 13/13 MP: 6/6
   495 | D:1      | Reached XP level 2. HP: 19/19 MP: 5/7
  1320 | D:2      | Reached skill level 5 in Spellcasting
  1320 | D:2      | Reached XP level 3. HP: 25/25 MP: 6/9
  1487 | D:2      | Reached skill level 1 in Invocations
  1724 | D:2      | Noticed Natasha
  1775 | D:2      | Slain by an adder

Illustrated notes

Levels and vault maps discovered:
D:1:      amcnicky_arrival_single_pillar, layout_basic, hangedman_glass_garden,
          dreamdust_wishing_well, minmay_pentomino_w4
D:2:      layout_loops_ring, st_stairs_3, uniq_natasha

Skill      XL: |  1  2  3 |
---------------+----------+-----
Conjurations   | 2 |  2.1
Spellcasting   | 5 |  5.0
Invocations    | 1 |  1.0
Fighting       | |  0.9
Short Blades   | |  0.9
Long Blades    | |  0.9
Axes           | |  0.9
Maces & Flails | |  0.9
Polearms       | |  0.9
Staves         | |  0.9
Ranged Weapons | |  0.9
Throwing       | |  0.9
Armour         | |  0.9
Dodging        | |  4.5
Stealth        | |  4.2
Shields        | |  0.9
Unarmed Combat | |  0.9
Hexes          | |  0.6
Summonings     | |  0.6
Necromancy     | |  0.6
Translocations | |  0.6
Transmutations | |  0.6
Fire Magic     | |  5.4
Ice Magic      | |  0.6
Air Magic      | |  0.6
Earth Magic    | |  0.6
Poison Magic   | |  0.6
Evocations     | |  0.9

Action                     || total
---------------------------++-------
  Melee: Short sword       ||     5
         Unarmed           ||     1
   Cast: Foxfire           ||    97
    Use: Potion            ||     1
 Armour: Robe              ||     3
  Dodge: Dodged            ||    23

Table legend: (Time is in decaauts)
 A = Elapsed time spent in this place.
 B = Non-inter-level travel time spent in this place.
 C = Inter-level travel time spent in this place.
 D = Time resting spent in this place.
 E = Time spent auto-exploring this place.
 F = Levels seen in this place.
 G = Mean time per level.
                   A        B        C        D        E       F      G
               +--------+--------+--------+--------+--------+-----+--------+
         Total |   1774 |   1768 |      6 |      0 |   1412 |   2 |  887.0 |
       Dungeon |   1774 |   1768 |      6 |      0 |   1412 |   2 |  887.0 |
               +--------+--------+--------+--------+--------+-----+--------+

Top non-repeatable levels by time:
     D:1: 1316 daAuts
     D:2: 457 daAuts
